 Dungeon Crawl Stone Soup version 0.31-a0-1074-g0b22e4e0f1 (webtiles) character file.

Game seed: 10351784091934282073

128702 Lobster4 the Eclecticist (level 16, -3/92 HPs)
             Began as a Deep Elf Conjurer on Nov 30, 2023.
             Was a High Priest of Vehumet.
             Slain by a broodmother (29 damage)
             ... on level 4 of the Spider Nest on Dec 1, 2023.
             The game lasted 02:16:30 (42143 turns).

Lobster4 the Eclecticist (Deep Elf Conjurer)       Turns: 42143, Time: 02:16:30

Health: -3/92      AC: 12    Str:  8    XL:     16   Next: 49%
Magic:  27/40      EV: 20    Int: 34    God:    Vehumet [*****.]
Gold:   723        SH:  0    Dex: 18    Spells: 15/51 levels left

rFire   + . .        a - +9 orcbow "Doqe" {elec, rF+ rN+ Str+2}
rCold   + + .        (shield currently unavailable)
rNeg    + . .        s - +1 robe "Biuvah" {rC+ Dex+3 SInv}
rPois   +            R - +0 helmet
rElec   .            e - +2 cloak {rPois}
rCorr   +            D - +1 pair of gloves
SInv    +            t - +2 pair of boots
Will    +....        (no amulet)
Stlth   +++++        q - ring of Ceippeh {rC+ Int+6}
HPRegen 0.35/turn    i - ring of resist corrosion
MPRegen 0.27/turn

%: no passive effects
@: no status effects
A: no striking features
a: Renounce Religion


You were on level 4 of the Spider Nest.
You worshipped Vehumet.
Vehumet was extremely pleased with you.
You visited 6 branches of the dungeon, and saw 28 of its levels.
You also visited: Trove and Ossuary.

You collected 2832 gold pieces.
You spent 2109 gold pieces at shops.

Inventory:

Hand Weapons
 a - the +9 orcbow "Doqe" (weapon) {elec, rF+ rN+ Str+2}
   (You bought it in a shop on level 1 of the Orcish Mines)

   Str+2:     It affects your strength (+2).
   rF+:       It protects you from fire.
   rN+:       It protects you from negative energy.
 b - the +7 Spriggan's Knife {stab, EV+4 Stlth+}
   (You found it on level 12 of the Dungeon)

   Stab:      It is more effective when stabbing unaware enemies, sometimes
   treating them as though they were completely helpless.
   EV+4:      It affects your evasion (+4).
   Stlth+:    It makes you more stealthy.
 A - the +8 shortbow of Premature Burial {speed, Will++ Str+5}
   (You bought it in a shop on level 2 of the Orcish Mines)

   Str+5:     It affects your strength (+5).
   Will++:    It greatly increases your willpower.
Missiles
 K - 7 poisoned darts
Armour
 e - a +2 cloak of poison resistance (worn)
 s - the +1 robe "Biuvah" (worn) {rC+ Dex+3 SInv}
   (You bought it in a shop on level 1 of the Dungeon)

   Dex+3:     It affects your dexterity (+3).
   rC+:       It protects you from cold.
   SInv:      It lets you see invisible.
 t - a +2 pair of boots (worn)
 D - a +1 pair of gloves (worn)
 G - the -2 buckler of the Slug {*Corrode rPois Regen+ Stlth-}
   (You found it on level 9 of the Dungeon)

   rPois:     It protects you from poison Regen+: It increases your rate of
   health regeneration.
   *Corrode:  It may corrode you when you take damage.
   Stlth-:    It makes you less stealthy.
 I - the +1 leather armour of Uklad {rF++ Slay-4 Stlth+}
   (You took it off an orc wizard on level 9 of the Dungeon)

   Slay-4:    It affects your accuracy & damage with ranged weapons and melee
   (-4).
   rF++:      It greatly protects you from fire.
   Stlth+:    It makes you more stealthy.
 R - a +0 helmet (worn)
Magical Staves
 l - a staff of fire
Jewellery
 i - a ring of resist corrosion (right hand)
 q - the ring of Ceippeh (left hand) {rC+ Int+6}
   (You acquired it on level 3 of the Lair of Beasts)

   [ring of intelligence]

   Int+6:     It affects your intelligence (+6).
   rC+:       It protects you from cold.
 C - the amulet "Evolimmo" {Spirit Int+3}
   (You found it on level 13 of the Dungeon)

   [amulet of guardian spirit]

   Spirit:    It causes incoming damage to be divided between your reserves of
   health and magic.
   Int+3:     It affects your intelligence (+3).
 J - the ring of Xiahucw {rC+++ Will+ rCorr Str-4}
   (You found it on level 13 of the Dungeon)

   [ring of resist corrosion]

   Str-4:     It affects your strength (-4).
   rC+++:     It renders you almost immune to cold.
   Will+:     It increases your willpower.
   rCorr:     It protects you from acid and corrosion.
 S - a ring of positive energy
 W - a ring of flight
Talismans
 V - a dragon-blood talisman
Wands
 y - a wand of charming (4)
 B - a wand of polymorph (15)
 H - a wand of mindburst (10)
 M - a wand of digging (7)
 P - a wand of flame (35)
 Y - a wand of roots (11)
Scrolls
 c - 2 scrolls of enchant weapon
 g - a scroll of silence
 k - 2 scrolls of fear
 n - 3 scrolls of fog
 p - 11 scrolls of teleportation
 r - 2 scrolls of torment
 L - a scroll of revelation
 N - a scroll of brand weapon
 Q - 9 scrolls of identify
 T - a scroll of enchant armour
 U - 4 scrolls of blinking
Potions
 d - 6 potions of lignification
 f - a potion of might
 h - a potion of berserk rage
 j - 13 potions of curing
 m - 2 potions of magic
 o - 2 potions of enlightenment
 u - 2 potions of resistance
 v - 7 potions of mutation
 x - a potion of cancellation
 z - a potion of brilliance
 F - 4 potions of heal wounds
 O - 2 potions of attraction
 X - 3 potions of haste
 Z - a potion of ambrosia
Miscellaneous
 w - a tin of tremorstones (2/2)
 E - a phantom mirror


   Skills:
 + Level 7.3 Fighting
 - Level 7.0 Short Blades
 + Level 15.0 Ranged Weapons
 - Level 3.0 Armour
 - Level 12.0 Dodging
 + Level 11.8 Stealth
 + Level 18.1 Spellcasting
 + Level 15.8 Conjurations
 - Level 3.0 Translocations
 - Level 6.0 Fire Magic
 - Level 6.0 Air Magic
 - Level 3.0 Earth Magic
 - Level 5.0 Evocations


You had 15 spell levels left.
You knew the following spells:

 Your Spells              Type           Power      Damage    Failure   Level
a - Magic Dart            Conj           100%       1d8       0%          1
b - Searing Ray           Conj           100%       2d8       0%          2
c - Iskenderun's Mystic   Conj/Tloc      76%        2d15      1%          4
d - Orb of Destruction    Conj           47%        9d12      1%          7
e - Apportation           Tloc           100%       N/A       1%          1
f - Sticky Flame          Conj/Fire      81%        2d9       1%          4
g - Plasma Beam           Fire/Air       32%        2x1d45    4%          6
h - Bombard               Conj/Erth      38%        9d7       1%          6
m - Mephitic Cloud        Conj/Pois/Air  69%        N/A       1%          3
z - Blink                 Tloc           100%       N/A       1%          2

Your spell library contained the following spells:

 Spells                   Type           Power      Damage    Failure   Level
 Shock                    Conj/Air       100%       1d9       0%          1
 Static Discharge         Conj/Air       100%       3-8/arc   0%          2
 Freeze                   Ice            100%       1d10      1%          1
 Necrotise                Necr           100%       1d9       1%          1
 Sting                    Tmut/Pois      100%       1d8       1%          1
 Summon Small Mammal      Summ           100%       N/A       1%          1
 Cigotuvi's Dreadful Rot  Necr/Pois/Air  88%        N/A       1%          2
 Ensorcelled Hibernation  Hex/Ice        60%        N/A       1%          2
 Jinxbite                 Hex            60%        N/A       1%          2
 Lesser Beckoning         Tloc           100%       N/A       1%          2
 Momentum Strike          Conj/Tloc      100%       3d10      1%          2
 Poisonous Vapours        Pois/Air       100%       N/A       1%          2
 Dazzling Flash           Conj/Hex       100%       N/A       1%          3
 Frozen Ramparts          Ice            60%        1d10      1%          3
 Gell's Gravitas          Tloc           50%        N/A       1%          3
 Hailstorm                Conj/Ice       71%        3d15      1%          3
 Ignite Poison            Fire/Tmut/Pois 44%        N/A       1%          3
 Inner Flame              Hex/Fire       50%        N/A       1%          3
 Stone Arrow              Conj/Erth      100%       3d13      1%          3
 Swiftness                Air            64%        N/A       1%          3
 Teleport Other           Tloc           50%        N/A       1%          3
 Volatile Blastmotes      Fire/Tloc      100%       2d18      1%          3
 Airstrike                Air            32%        2d(5-21)  1%          4
 Brom's Barrelling Bould  Conj/Erth      76%        2d9       1%          4
 Flame Wave               Conj/Fire      81%        2d18      1%          4
 Fulminant Prism          Conj/Hex       35%        3d17      1%          4
 Vhi's Electric Charge    Tloc/Air       100%       N/A       1%          4
 Arcjolt                  Conj/Air       40%        1d50      1%          5
 Fireball                 Conj/Fire      40%        3d16      1%          5
 Freezing Cloud           Conj/Ice/Air   34%        6-21      1%          5
 Lee's Rapid Deconstruct  Erth           25%        3d14*     2%          5
 Call Canine Familiar     Summ           30%        N/A       3%          3
 Sigil of Binding         Hex            30%        N/A       3%          3
 Summon Guardian Golem    Hex/Summ       30%        N/A       3%          3
 Tukima's Dance           Hex            30%        N/A       3%          3
 Manifold Assault         Tloc           50%        N/A       3%          4
 Animate Armour           Summ/Erth      82%        N/A       6%          4
 Dimensional Bullseye     Hex/Tloc       20%        N/A       6%          4
 Leda's Liquefaction      Hex/Erth       20%        N/A       6%          4
 Petrify                  Tmut/Erth      41%        N/A       6%          4
 Spellforged Servitor     Conj/Summ      35%        N/A       11%         7
 Cause Fear               Hex            15%        N/A       12%         4
 Dispel Undead            Necr           30%        3d14      12%         4
 Borgnjor's Vile Clutch   Necr/Erth      20%        N/A       17%         5
 Summon Forest            Summ/Tloc      20%        N/A       17%         5
 Alistair's Intoxication  Tmut/Pois      20%        N/A       32%         5
 Lehudib's Crystal Spear  Conj/Erth      38%        10d9      36%         8
 Eringya's Noxious Bog    Tmut/Pois      15%        4d6       41%         6
 Ignition                 Fire           32%        3d10      82%         8
 Maxwell's Capacitive Co  Air            32%        ∞         82%         8
 Death Channel            Necr           15%        N/A       87%         6
 Simulacrum               Ice/Necr       15%        N/A       87%         6
 Ozocubu's Refrigeration  Ice            15%        4d10      90%         7
 Chain Lightning          Conj/Air       40%        3d54      95%         9
 Fire Storm               Conj/Fire      40%        8d10      95%         9
 Summon Hydra             Summ           15%        N/A       100%        7
 Dragon's Call            Summ           15%        N/A       100%        9
 Polar Vortex             Ice            15%        12d2*     100%        9
 Shatter                  Erth           25%        3d21*     100%        9


Dungeon Overview and Level Annotations

Branches:
Dungeon (15/15)            Temple (1/1) D:7            Lair (5/5) D:11
 Shoals (1/4) Lair:2       Spider (4/4) Lair:3        Slime (0/5) Lair:5
    Orc (2/2) D:10            Elf (0/3) Orc:2        Vaults (0/5) D:13
 Depths (0/4) D:15        Ossuary (visited)

Altars:
Ashenzari
Cheibriados
Dithmenos
Elyvilon
Fedhas
Gozag
Hepliaklqana
Kikubaaqudgha
Makhleb
Nemelex Xobeh
Okawaru
Qazlal
Ru
Sif Muna
Trog
Uskayaw
Vehumet
Wu Jian
Xom
Yredelemnul
Zin
The Shining One

Shops:
D:1 *   D:4 ?   D:9 (   Orc:1 *   Orc:2 :!:*(

Annotations:
D:8 2 runed translucent doors, ParallaxScroll's ghost, novice OpAr
D:9 2 transporters, RabbitInGlasses's ghost, novice DrSh
D:13 exclusion: obsidian statue
D:15 1 runed translucent door, Ygoiz's ghost, journeyman TrSh
Spider:2 1 transporter, Bephimom's ghost, adept DsFi


Message History

You erupt in a blast of force!
The mystic blast hits the jumping spider but does no damage.
The mystic blast hits the broodmother!
The broodmother is lightly wounded.
The mystic blast hits the culicivora!
The culicivora is moderately wounded.
The culicivora is knocked back by the mystic blast.
The mystic blast hits the culicivora!
The culicivora is moderately wounded.
The culicivora is knocked back by the mystic blast.
The culicivora collides with the broodmother!
The broodmother is lightly wounded.
The culicivora is heavily wounded.
The mystic blast hits the tarantella!
The tarantella is severely wounded.
The tarantella is knocked back by the mystic blast.
The tarantella slams into the rock wall!
The tarantella is almost dead.
You hear a faint skittering sound.
The jumping spider leaps!
Unknown command.
Casting: Iskenderun's Mystic Blast (safe; 1% risk of failure)
Confirm with . or Enter, or press ? or * to list all spells.
You erupt in a blast of force!
The mystic blast hits the tarantella!
You kill the tarantella!
The tarantella's corpse disappears in a puff of smoke!
The mystic blast hits the broodmother!
The broodmother is moderately wounded.
The mystic blast hits the culicivora!
The culicivora is severely wounded.
The culicivora is knocked back by the mystic blast.
The culicivora slams into the rock wall!
You kill the culicivora!
The culicivora's corpse disappears in a puff of smoke!
The mystic blast hits the culicivora!!
The culicivora is almost dead.
The culicivora is knocked back by the mystic blast.
The culicivora chitters at the broodmother.
The broodmother is healed somewhat.
The broodmother bites you!!
You die...

#####..# #.^s#..# ###########
##..s...# ##^.##^##..###..#...°#
# ##.....^.....#.^###.ss#.##
#..^...#..#......####s...# ###
##...#.#####..○..#........°.#...
##....#..#####s##....s.....#...
#....#.<.#..#@...s...##.(.^...
##^......#..†^........ ....^#
##......#.....§.###...###..##
#...#.^#......##(#####...##.
#####...###...#...##.#..^#..
#.....###.#...#...^#....
##......^##...#...###.#.
##.##<.##..#..^.## ####
##....#...##..## #


You could see a broodmother and 2 culicivoras.

Vanquished Creatures
  Gastronok (Lair:2)
  Kirke (Lair:3)
  3 ghost moths
  Azrael (Spider:1)
  A spark wasp (Spider:2)
  Josephine (D:11)
  Snorg (Orc:1)
  2 entropy weavers
  A fire dragon (Lair:5)
  Fannar (Lair:1)
  6 hydras
  Erolcha (D:12)
  A vault guard (D:13)
  2 radroaches
  A two-headed ogre (D:10)
  9 boulder beetles
  5 centaur warriors
  A deep troll earth mage (D:15)
  2 tengu warriors (D:15)
  12 death yaks
  3 orc high priests (Orc:2)
  4 demonic crawlers
  An occultist (D:15)
  A deep elf knight (D:13)
  2 skysharks
  4 pharaoh ants
  5 steelbarb worms
  A bog body (Lair:1)
  7 orb spiders
  6 orc knights
  3 arcanists (D:13)
  Pikel (D:6)
  3 harpies (Lair:2)
  A lindwurm (Lair:5)
  A necromancer (D:13)
  2 deep elf pyromancers (D:15)
  7 orc sorcerers
  5 cyclopes
  An oklob plant (Lair:3)
  11 wolf spiders
  8 ugly things
  Maurice (Orc:1)
  2 moths of wrath (Spider:4)
  6 manticores
  5 elephants (Lair:4)
  3 molten gargoyles (Lair:5)
  4 black mambas
  8 cane toads
  8 torpor snails
  A gargoyle (D:10)
  Psyche (D:8)
  Jeremiah (D:9)
  Maggie (Lair:1)
  5 rime drakes
  13 komodo dragons
  2 tengu conjurers (D:15)
  2 ice devils (Lair:1)
  A meliai (Lair:3)
  2 polar bears (Lair:1)
  A wolf spider simulacrum (D:15)
  A merfolk (Shoals:1)
  A hornet (D:9)
  5 trolls
  10 tarantellas
  10 blink frogs
  10 slime creatures
  11 jumping spiders
  6 dream sheep (Lair:3)
  13 culicivoras
  2 hogs (Lair:3)
  A shadow (D:10)
  6 wraiths
  8 wyverns
  37 yaks
  4 fire bats (D:12)
  A vampire (D:11)
  7 basilisks
  2 fire elementals
  A steam dragon (Lair:5)
  14 humans (D:13)
  A basilisk (shapeshifter) (D:15)
  40 redbacks
  A vampire mosquito (Spider:3)
  Menkaure (D:6)
  Edmund (D:6)
  2 acid dragons
  8 hell hounds
  7 water moccasins
  2 wargs (Orc:2)
  A meliai simulacrum (D:15)
  An ice beast (D:6)
  3 sky beasts (D:6)
  26 orc warriors
  2 black bears
  5 ogres
  12 centaurs
  14 wolves
  A lemure (D:6)
  2 kobold brigands (D:7)
  10 bullfrogs
  2 gnoll sergeants (D:11)
  4 scorpions
  A cane toad simulacrum (Lair:1)
  4 wights (D:6)
  14 killer bees
  An electric eel (Spider:3)
  4 jellies
  2 howler monkeys
  6 lava snakes
  A hound (D:5)
  25 orc priests
  3 iguanas
  25 orc wizards
  A spriggan simulacrum (Lair:1)
  A wolf simulacrum (Lair:1)
  4 mummies
  13 gnolls
  7 adders
  A white imp (D:7)
  An adder zombie (Ossuary)
  A worm (D:2)
  4 dart slugs
  66 orcs
  3 bats
  7 endoplasms
  3 giant cockroaches
  2 gnoll zombies (Ossuary)
  8 goblins
  11 hobgoblins
  6 jackals
  6 quokkas
  6 ball pythons
  3 frilled lizards (D:2)
  3 goblin zombies
  2 hobgoblin zombies (Ossuary)
  16 kobolds
  A kobold zombie (Ossuary)
  An orc zombie (D:4)
  4 quokka zombies (Ossuary)
  9 rats
  6 rat zombies (Ossuary)
775 creatures vanquished.

Vanquished Creatures (collateral kills)
  Arachne (Spider:2)
1 creature vanquished.

Grand Total: 776 creatures vanquished

Notes
Turn   | Place    | Note
-------+----------+-------------------------------------------
     0 | D:1      | Lobster4 the Deep Elf Conjurer began the quest for the Orb.
     0 | D:1      | Reached XP level 1. HP: 10/10 MP: 6/6
   162 | D:1      | Reached XP level 2. HP: 15/15 MP: 0/8
   308 | D:1      | Found Ycru's General Store.
   343 | D:1      | Learned a level 2 spell: Searing Ray
   462 | D:1      | Got Mutul's Elucidation of the Discharge
   785 | D:1      | Found a faded altar of an unknown god.
   789 | D:1      | Reached XP level 3. HP: 19/19 MP: 6/10
  1040 | D:1      | Reached skill level 4 in Spellcasting
  1053 | D:2      | Reached skill level 5 in Conjurations
  1233 | D:2      | Reached XP level 4. HP: 19/24 MP: 7/12
  1543 | D:2      | Learned a level 4 spell: Iskenderun's Mystic Blast
  2047 | D:3      | Found a hazy altar of Hepliaklqana.
  2100 | D:3      | Found a sparkling altar of Nemelex Xobeh.
  2475 | D:4      | Reached skill level 1 in Translocations
  2530 | D:4      | Noticed a scorpion
  2549 | D:4      | Found Deateg Waoh's Magic Scroll Shop.
  2557 | D:4      | Bought a scroll of teleportation for 30 gold pieces
  2557 | D:4      | Bought a scroll of identify for 20 gold pieces
  2557 | D:4      | Bought a scroll of identify for 20 gold pieces
  2649 | D:4      | Reached XP level 5. HP: 28/28 MP: 9/14
  2719 | D:4      | Found a sand-covered staircase.
  2780 | Ossuary  | Entered an ossuary
  2786 | Ossuary  | Reached skill level 1 in Armour
  2789 | Ossuary  | Reached skill level 5 in Spellcasting
  3691 | D:4      | Noticed a black bear
  4329 | D:5      | Entered Level 5 of the Dungeon
  4628 | D:5      | Reached XP level 6. HP: 32/32 MP: 2/16
  4993 | D:5      | Noticed a water moccasin
  5002 | D:5      | Killed a water moccasin
  5003 | D:5      | Reached skill level 6 in Spellcasting
  5003 | D:5      | Reached XP level 7. HP: 25/36 MP: 7/18
  5868 | D:6      | Reached skill level 7 in Spellcasting
  6050 | D:6      | Noticed Pikel
  6166 | D:6      | Killed Pikel
  6167 | D:6      | Reached skill level 1 in Fighting
  6167 | D:6      | Reached XP level 8. HP: 43/43 MP: 4/21
  6685 | D:6      | Reached skill level 8 in Spellcasting
  6746 | D:6      | Noticed Edmund
  7177 | D:6      | Noticed Menkaure
  7184 | D:6      | Killed Menkaure
  7185 | D:6      | Reached skill level 5 in Dodging
  7412 | D:6      | Reached XP level 9. HP: 48/49 MP: 13/23
  7961 | D:7      | Found a staircase to the Ecumenical Temple.
  8042 | D:6      | Reached skill level 5 in Ranged Weapons
  8245 | D:6      | Reached skill level 9 in Spellcasting
  8318 | Temple   | Entered the Ecumenical Temple
  8349 | Temple   | Became a worshipper of Vehumet
  9401 | D:8      | Found a large runed translucent door.
  9402 | D:8      | Found a large runed translucent door.
  9405 | D:8      | Noticed ParallaxScroll's ghost (novice OpAr)
  9806 | D:8      | Noticed Psyche
  9817 | D:8      | Killed Psyche
 10175 | D:1      | Bought the +1 robe "Biuvah" {rC+ Dex+3 SInv} for 302 gold
                  | pieces
 10617 | D:4      | Reached XP level 10. HP: 56/56 MP: 19/25
 10832 | D:6      | Killed Edmund
 10903 | D:6      | Learned a level 2 spell: Blink
 10949 | D:9      | Noticed Jeremiah
 10953 | D:9      | Killed Jeremiah
 11024 | D:9      | Identified the -2 buckler of the Slug {*Corrode rPois
                  | Regen+ Stlth-}
 11055 | D:9      | Reached skill level 10 in Spellcasting
 11174 | D:9      | Identified the +1 leather armour of Uklad {rF++ Slay-4
                  | Stlth+}
 11185 | D:9      | Reached * piety under Vehumet
 11185 | D:9      | Offered knowledge of Foxfire by Vehumet.
 11284 | D:9      | Found Leclo's Weapon Boutique.
 11308 | D:9      | Noticed RabbitInGlasses's ghost (novice DrSh)
 11621 | D:9      | Found a transporter.
 11877 | D:9      | Found a transporter.
 12112 | D:10     | Entered Level 10 of the Dungeon
 12272 | D:10     | Noticed a boulder beetle
 12690 | D:10     | Found a staircase to the Orcish Mines.
 13087 | D:10     | Offered knowledge of Sandblast by Vehumet.
 13099 | D:10     | Reached ** piety under Vehumet
 13100 | D:10     | Reached skill level 5 in Fighting
 13270 | D:10     | Noticed a gargoyle
 13332 | D:10     | Learned a level 1 spell: Apportation
 13603 | D:10     | Noticed a two-headed ogre
 13616 | D:10     | Killed a two-headed ogre
 13692 | D:10     | Reached skill level 11 in Spellcasting
 13945 | D:10     | Reached skill level 10 in Conjurations
 13945 | D:10     | Reached XP level 11. HP: 63/63 MP: 19/28
 14743 | D:11     | Found a staircase to the Lair.
 14744 | D:11     | Noticed a death yak
 15029 | Orc:1    | Entered Level 1 of the Orcish Mines
 15029 | Orc:1    | Noticed an orc sorcerer
 15137 | Orc:1    | Paralysed by an orc sorcerer for 5 turns
 15147 | D:10     | Noticed a soul eater
 15149 | D:10     | Killed an orc sorcerer
 15150 | D:10     | Reached skill level 5 in Stealth
 15310 | Orc:1    | Found Vuymp's General Store.
 15402 | Orc:2    | Entered Level 2 of the Orcish Mines
 15552 | Orc:2    | Found a staircase to the Elven Halls.
 15633 | Orc:2    | Offered knowledge of Scorch by Vehumet.
 15650 | Orc:2    | Noticed an orc knight
 15664 | Orc:2    | Killed an orc knight
 15887 | Orc:2    | Reached *** piety under Vehumet
 16273 | Orc:1    | Noticed Snorg
 16303 | Orc:1    | Noticed Maurice
 16305 | Orc:1    | Noticed an orc sorcerer
 16530 | Orc:2    | Noticed an orc sorcerer
 16591 | Orc:2    | Offered knowledge of Stone Arrow by Vehumet.
 16702 | Orc:2    | Noticed an orc high priest
 16712 | Orc:2    | Killed an orc high priest
 16713 | Orc:2    | Reached skill level 12 in Spellcasting
 17236 | Orc:2    | Noticed an orc high priest
 17399 | D:10     | Killed a boulder beetle
 17400 | D:10     | Reached skill level 10 in Ranged Weapons
 17764 | D:11     | Reached skill level 10 in Dodging
 17815 | D:11     | Noticed a death yak
 17840 | D:11     | Noticed a death yak
 17864 | D:10     | Killed a death yak
 18125 | D:10     | Killed a death yak
 18305 | D:11     | Killed a death yak
 18305 | D:11     | Reached **** piety under Vehumet
 18306 | D:11     | Reached skill level 13 in Spellcasting
 18405 | D:11     | Noticed Josephine
 18423 | D:11     | Killed Josephine
 18424 | D:11     | Reached XP level 12. HP: 68/68 MP: 12/31
 18434 | D:11     | Offered knowledge of Volatile Blastmotes by Vehumet.
 19172 | D:12     | Learned a level 4 spell: Sticky Flame
 19426 | D:12     | Noticed Erolcha
 19434 | D:12     | Killed Erolcha
 19435 | D:12     | Reached skill level 1 in Fire Magic
 20080 | D:12     | Found the +7 Spriggan's Knife {stab, EV+4 Stlth+}
 20428 | D:13     | Learned a level 7 spell: Orb of Destruction
 20438 | D:13     | Identified the ring of Xiahucw {rC+++ Will+ rCorr Str-4}
 20474 | D:13     | Reached skill level 14 in Spellcasting
 20731 | D:13     | Reached skill level 1 in Short Blades
 21044 | D:13     | Reached skill level 5 in Evocations
 21155 | D:13     | Reached ***** piety under Vehumet
 21155 | D:13     | Offered knowledge of Plasma Beam by Vehumet.
 21315 | D:13     | Noticed a vault guard
 21316 | D:13     | Learned a level 6 spell: Plasma Beam
 21338 | D:13     | Killed a vault guard
 21376 | D:13     | Reached XP level 13. HP: 72/72 MP: 20/33
 21440 | D:13     | Found a gate to the Vaults.
 22055 | D:13     | Found a portal to a secret trove of treasure.
 22333 | D:1      | Bought a scroll of fog for 40 gold pieces
 22413 | D:4      | Bought 3 scrolls of fog for 120 gold pieces
 22662 | D:13     | You paid a toll of 5 scrolls of fog to enter a treasure
                  | trove
 22663 | Trove    | Entered a treasure trove
 22698 | Trove    | Got Sif Muna's Commentary on Mud
 22701 | Trove    | Got Odan's Precepts of the Fluctuating Snowflakes
 22728 | Trove    | Got Sif Muna's Elucidation of the Mercurial Boulder
 22731 | Trove    | Got Mosus's Excursus on the Called Snowflakes
 22770 | D:13     | Reached skill level 1 in Air Magic
 22859 | D:13     | Found a radiant altar of Vehumet.
 23127 | D:13     | Identified the amulet "Evolimmo" {Spirit Int+3}
 23252 | Lair:1   | Entered Level 1 of the Lair of Beasts
 23636 | Lair:1   | Noticed Maggie
 23646 | Lair:1   | Killed Maggie
 23729 | Lair:1   | Noticed Fannar
 23737 | Lair:1   | Killed Fannar
 25976 | Lair:2   | Noticed Gastronok
 25989 | Lair:2   | Killed Gastronok
 26319 | Lair:2   | Found a staircase to the Shoals.
 26528 | Lair:3   | Reached skill level 15 in Spellcasting
 26643 | Lair:3   | Found a hole to the Spider Nest.
 26828 | Lair:3   | Reached XP level 14. HP: 67/79 MP: 18/35
 27412 | Lair:3   | Identified a scroll of acquirement
 27427 | Lair:3   | Acquired the ring of Ceippeh {rC+ Int+6}
 27449 | Lair:3   | Noticed Kirke
 27462 | Lair:3   | Killed Kirke
 27832 | Lair:3   | Offered knowledge of Olgreb's Toxic Radiance by Vehumet.
 28100 | Orc:1    | Bought the +9 orcbow "Doqe" {elec, rF+ rN+ Str+2} for 1217
                  | gold pieces
 28419 | Lair:4   | Reached skill level 5 in Fire Magic
 28738 | Lair:4   | Reached skill level 5 in Short Blades
 29272 | Lair:5   | Entered Level 5 of the Lair of Beasts
 29272 | Lair:5   | Found a runed translucent door.
 29274 | Lair:5   | Found a staircase to the Slime Pits.
 29729 | Lair:5   | Found a stormy altar of Qazlal.
 29890 | Lair:5   | Reached skill level 5 in Air Magic
 30504 | Lair:5   | Reached skill level 16 in Spellcasting
 30530 | Lair:5   | Found a large runed translucent door.
 30530 | Lair:5   | Found a large runed translucent door.
 31272 | D:14     | Found a glowing golden altar of the Shining One.
 31860 | D:14     | Reached skill level 10 in Stealth
 32175 | D:15     | Entered Level 15 of the Dungeon
 32347 | D:15     | Reached XP level 15. HP: 59/84 MP: 19/37
 32455 | D:15     | Offered knowledge of Ozocubu's Refrigeration by Vehumet.
 32460 | D:15     | Learned a level 3 spell: Mephitic Cloud
 33202 | D:15     | Found a runed translucent door.
 33203 | D:15     | Noticed Ygoiz's ghost (journeyman TrSh)
 33391 | D:15     | Found a staircase to the Depths.
 34061 | Orc:2    | Found Pemyts's Book Shoppe.
 34193 | Orc:2    | Reached skill level 17 in Spellcasting
 34340 | Orc:2    | Found Mugilet's Distillery.
 34345 | Orc:2    | Found Nideos's General Store.
 34591 | Orc:2    | Found Meozula's Book Boutique.
 34592 | Orc:2    | Found Epoegh's Antique Weapon Shoppe.
 34604 | Orc:2    | Bought a scroll of revelation for 112 gold pieces
 34612 | Orc:2    | Bought an ancient shortbow for 248 gold pieces
 34612 | Orc:2    | Identified the +8 shortbow of Premature Burial {speed,
                  | Will++ Str+5} (You bought it in a shop on level 2 of the
                  | Orcish Mines)
 34874 | Orc:1    | Killed Maurice
 34989 | Orc:1    | Killed Snorg
 35286 | Spider:1 | Entered Level 1 of the Spider Nest
 35752 | Spider:1 | Reached skill level 15 in Conjurations
 36291 | Spider:1 | Noticed Azrael
 36304 | Spider:1 | Killed Azrael
 36738 | Spider:1 | Reached skill level 15 in Ranged Weapons
 36814 | Spider:1 | Offered knowledge of Bombard by Vehumet.
 36822 | Spider:1 | Learned a level 6 spell: Bombard
 37072 | Spider:1 | Reached skill level 1 in Earth Magic
 37677 | Spider:2 | Noticed Arachne
 37695 | Spider:2 | Killed Arachne
 37954 | Shoals:1 | Entered Level 1 of the Shoals
 38139 | Spider:2 | Reached XP level 16. HP: 90/90 MP: 21/39
 38786 | Spider:2 | You are sucked into a shaft and drop 1 floor!
 38909 | Spider:2 | Found a transporter.
 38918 | Spider:2 | Noticed Bephimom's ghost (adept DsFi)
 41029 | Spider:3 | Reached skill level 18 in Spellcasting
 41873 | Spider:4 | Entered Level 4 of the Spider Nest
 42143 | Spider:4 | Slain by a broodmother

Illustrated notes

Levels and vault maps discovered:
D:1:      roadster_arrival_rocket_large, layout_basic, serial_shops,
          nicolae_lakefront_shop, hellmonk_ecumenical_altar_pennies_from_heaven
D:2:      layout_rooms
D:3:      layout_basic, mainiacjoe_overflow_catwalk_spiral,
          small_statue_intersection
D:4:      layout_cave_pods, serial_shops, nicolae_shop_advertising_works
          [nicolae_subvault_shop_adworks], nicolae_ossuary_entry_giza
D:5:      layout_basic, chequers_serial_rivers_micro_e
D:6:      minmay_diamond_boxcup, layout_basic, kennysheep_small_square,
          uniq_edmund, uniq_menkaure, uniq_pikel
D:7:      layout_rooms, temple_fountains
D:8:      layout_basic, ebering_ghost_disaster_area, kennysheep_small_spiral,
          kennysheep_generic_room_13, uniq_psyche
D:9:      corexii_shack_village, layout_rooms, serial_shops,
          nicolae_square_shop, gammafunk_ghost_stat_death, uniq_jeremiah
D:10:     layout_basic, david_orc_5, minivault_1, serial_bayou_pond_e,
          kennysheep_generic_room_11
D:11:     layout_basic, dpeg_lair_monsters, uniq_josephine
D:12:     layout_roguey, hangedman_incinerator, uniq_erolcha
D:13:     layout_irregular_city, grunt_vaults_entry_tiered, enter_trove_6,
          minivault_15, nicolae_vehumet_altar_sigil
D:14:     layout_basic, patterned_corridor, nicolae_tso_carved_into_rock
D:15:     hellmonk_depths_entry_around_the_bend, layout_stronghold,
          gammafunk_ghost_grave, minmay_misc_feat_room
Temple:   mainiacjoe_temple_big_plus
Lair:1:   dreamdust_isle_of_ice, layout_misc_corridors, serial_forest,
          infiniplex_forest_lined_3, infiniplex_forest_clump_tiny,
          infiniplex_forest_lined_room_2, infiniplex_forest_side_room,
          infiniplex_forest_lined_2, infiniplex_forest_lined_room_,
          infiniplex_forest_clump_medium, infiniplex_forest_clump_long,
          uniq_maggie, uniq_fannar
Lair:2:   layout_gridlike, nicolae_shoals_entry_roost,
          infiniplex_staircase_pool, uniq_gastronok
Lair:3:   layout_concentric_octagons, hellmonk_spider_entry_not_the_bees,
          uniq_kirke
Lair:4:   layout_misc_corridors, grunt_forest_large_clearings
Lair:5:   cheibrodos_lair_end_hotspot, layout_regular_city, slime_entry_2,
          basic_altar
Shoals:1: layout_shoals, ebering_ghost_gozag, nicolae_shoals_secluded_bog
Spider:1: layout_chambers, uniq_azrael
Spider:2: layout_spider_delve, gammafunk_ghost_berserking_beasts,
          nicolae_spider_cling_halls, uniq_arachne
Spider:3: layout_spider_delve, einodemon_crawler_minivault
Spider:4: johnstein_spider_rune_arachne_lair, nicolae_spider_wall_of_niches
Orc:1:    layout_caves, serial_shops, shop, uniq_snorg, uniq_maurice
Orc:2:    st_orc_elflike, layout_diamond_mine, serial_shops, shop

Skill      XL: |  1  2  3  4  5  6  7  8  9 10 11 12 13 14 15 16 |
---------------+-------------------------------------------------+-----
Stealth        | 3 4 5 6 7 10 11 | 11.8
Dodging        | 3 4 5 6 8 10 11 12 | 12.0
Spellcasting   | 4 5 6 7 8 9 11 13 14 15 16 17 18 | 18.1
Conjurations   | 5 6 7 8 10 11 12 13 14 15 | 15.8
Translocations | 1 2 3 |  3.0
Armour         | 1 2 3 |  3.0
Fighting       | 1 2 4 5 6 7 |  7.3
Ranged Weapons | 2 4 6 8 10 11 12 13 15 | 15.0
Evocations     | 2 3 5 |  5.0
Fire Magic     | 2 4 5 6 |  6.0
Short Blades   | 2 4 5 6 7 |  7.0
Air Magic      | 3 5 6 |  6.0
Earth Magic    | 2 3 |  3.0

Action                     |  1- 3 |  4- 6 |  7- 9 | 10-12 | 13-15 | 16-18 || total
---------------------------+-------+-------+-------+-------+-------+-------++-------
  Melee: Unarmed           |     2 |       |       |       |       |       ||     2
         Knife             |       |       |       |       |     2 |       ||     2
   Fire: Shortbow          |       |       |       |   324 |   296 |       ||   620
         Orcbow            |       |       |       |       |   577 |   223 ||   800
  Throw: Dart              |       |       |     2 |    15 |     6 |     3 ||    26
   Cast: Magic Dart        |    71 |   111 |    78 |   170 |    18 |       ||   448
         Searing Ray       |     2 |    23 |    74 |   139 |    49 |       ||   287
         Iskenderun's Myst |       |       |     1 |   130 |   196 |    40 ||   367
         Apportation       |       |       |       |     3 |     6 |       ||     9
         Orb of Destructio |       |       |       |       |    35 |     8 ||    43
         Sticky Flame      |       |       |       |       |     8 |       ||     8
         Plasma Beam       |       |       |       |       |    18 |    15 ||    33
         Mephitic Cloud    |       |       |       |       |     4 |       ||     4
         Bombard           |       |       |       |       |     2 |       ||     2
  Evoke: Wand              |       |       |       |    11 |     2 |       ||    13
         Phantom mirror    |       |       |       |       |     3 |       ||     3
    Use: Scroll            |       |    14 |     8 |     8 |    13 |     3 ||    46
         Potion            |       |       |     1 |     4 |     4 |     1 ||    10
   Stab: Sleeping          |       |       |       |       |     2 |       ||     2
 Armour: Robe              |     4 |     8 |       |   122 |   214 |    26 ||   374
         Leather armour    |       |       |    54 |       |     9 |       ||    63
  Dodge: Dodged            |     4 |    12 |    55 |   143 |   241 |    21 ||   476

Table legend: (Time is in decaauts)
 A = Elapsed time spent in this place.
 B = Non-inter-level travel time spent in this place.
 C = Inter-level travel time spent in this place.
 D = Time resting spent in this place.
 E = Time spent auto-exploring this place.
 F = Levels seen in this place.
 G = Mean time per level.
                   A        B        C        D        E       F      G
               +--------+--------+--------+--------+--------+-----+--------+
         Total |  42030 |  38040 |   3990 |   9726 |  21564 |  30 | 1401.0 |
       Dungeon |  24149 |  21389 |   2760 |   5540 |  12294 |  15 | 1609.9 |
        Temple |     61 |      2 |     59 |      0 |      0 |   1 |   61.0 |
          Lair |   7670 |   7035 |    635 |   1748 |   3922 |   5 | 1534.0 |
        Shoals |      7 |      7 |      0 |      0 |      0 |   1 |    7.0 |
   Spider Nest |   6144 |   5807 |    337 |   1423 |   3420 |   4 | 1536.0 |
  Orcish Mines |   3285 |   3088 |    197 |    837 |   1509 |   2 | 1642.5 |
         Trove |     89 |     89 |      0 |      0 |     62 |   1 |   89.0 |
       Ossuary |    621 |    621 |      0 |    176 |    357 |   1 |  621.0 |
               +--------+--------+--------+--------+--------+-----+--------+

Top non-repeatable levels by time:
Spider:1: 3454 daAuts
    D:10: 3314 daAuts
     D:6: 2753 daAuts
    D:13: 2406 daAuts
    D:11: 2382 daAuts
   Orc:2: 2187 daAuts
  Lair:1: 1901 daAuts
  Lair:3: 1701 daAuts
    D:12: 1561 daAuts
    D:15: 1547 daAuts
     D:4: 1533 daAuts
  Lair:2: 1515 daAuts
     D:5: 1496 daAuts
     D:8: 1364 daAuts
  Lair:5: 1333 daAuts
